 Dungeon Crawl Stone Soup version 0.29-a0-925-g0a7a3d12f8 (webtiles) character file.

Game seed: 2402976517225000728

23 quixfox the Digger (level 3, 0/19 HPs)
             Began as a Gargoyle Earth Elementalist on July 29, 2022.
             Slain by a goblin
             ... wielding a +0 club
              (2 damage)
             ... on level 2 of the Dungeon.
             The game lasted 00:01:37 (705 turns).

quixfox the Digger (Gargoyle Earth Elementalist)     Turns: 705, Time: 00:01:37

Health: 0/19       AC:  5    Str: 11    XL:     3   Next: 0%
Magic:  0/6        EV: 12    Int: 17    God:
Gold:   50         SH:  0    Dex: 16    Spells: 6/7 levels left

rFire   . . .      SeeInvis .   (no weapon)
rCold   . . .      Faith    .   (no shield)
rNeg    + . .      Spirit   .   a - +0 robe
rPois   ∞          Reflect  .   (no helmet)
rElec   +          Harm     .   (no cloak)
rCorr   .          Rampage  .   (no gloves)
Will    .....                   (no boots)
Stlth   ++........              (no amulet)
HPRegen 0.06/turn               f - +6 ring of dexterity
MPRegen 0.10/turn               (no ring)

@: no status effects
A: sickness immunity, AC +3, negative energy resistance 1, electricity
resistance, torment resistance 1, petrification resistance
a: no special abilities


You were on level 2 of the Dungeon.
You visited 1 branch of the dungeon, and saw 2 of its levels.

You collected 50 gold pieces.

Inventory:

Armour
 a - a +0 robe (worn)
Jewellery
 f - a +6 ring of dexterity (left hand)
Scrolls
 d - 2 scrolls of identify {unknown}
 e - a scroll of enchant weapon {unknown}


   Skills:
 - Level 1.5 Dodging
 - Level 2.1 Stealth
 + Level 2.6 Spellcasting
 - Level 0.7 Transmutations
 + Level 4.3 Earth Magic


You had 6 spell levels left.
You knew the following spells:

 Your Spells              Type           Power      Damage    Failure   Level
a - Sandblast             Erth           34%        2d9       3%          1

Your spell library contained the following spells:

 Spells                   Type           Power      Damage    Failure   Level
 Passwall                 Tmut/Erth      8%         N/A       10%         2
 Magic Dart               Conj           8%         1d3       19%         1
 Stone Arrow              Conj/Erth      18%        3d8       22%         3
 Searing Ray              Conj           4%         2d4       28%         2
 Petrify                  Tmut/Erth      10%        N/A       54%         4
 Fulminant Prism          Conj/Hex       1%         3d6       88%         4


Dungeon Overview and Level Annotations

Branches:
Dungeon (2/15)

Altars:

Annotations:
D:2 Ijyb


Innate Abilities, Weirdness & Mutations

You are immune to sickness and miasma.
Your stone body is resilient. (AC +3)
You are immune to poison.
You resist negative energy. (rN+)
You are resistant to electric shocks. (rElec)
You are resistant to unholy torment.
You are immune to petrification.


Message History

Aiming: Sandblast (safe; 3% risk of failure)
Press: ? - help, Q - select action Shift-Dir - straight line, f/p - Ijyb
Aim: Ijyb, wielding a +0 dagger and wearing a +0 ring mail (moderately wounded, 80% to hit)
The blast of sand hits Ijyb.
Ijyb is heavily wounded.
The goblin hits you with a +0 club. Ijyb hits you but does no damage.
The goblin closely misses you. Ijyb barely misses you.
Aiming: Sandblast (safe; 3% risk of failure)
Press: ? - help, Q - select action Shift-Dir - straight line, f/p - Ijyb
Aim: Ijyb, wielding a +0 dagger and wearing a +0 ring mail (heavily wounded, 80% to hit)
The blast of sand hits Ijyb but does no damage.
Ijyb is heavily wounded.
The goblin hits you but does no damage. Ijyb hits you with a +0 dagger.
The goblin unwields a +3 sling of flaming.
It stops flaming.
The goblin wields a +0 club.
The goblin closely misses you. The goblin hits you with a +0 club.
* * * LOW HITPOINT WARNING * * *
Ijyb misses you.
Aiming: Sandblast (safe; 3% risk of failure)
Press: ? - help, Q - select action Shift-Dir - straight line, f/p - Ijyb
Aim: Ijyb, wielding a +0 dagger and wearing a +0 ring mail (heavily wounded, 80% to hit)
The blast of sand hits Ijyb.
Ijyb is severely wounded.
The goblin closely misses you. The goblin hits you but does no damage.
Ijyb hits you with a +0 dagger.
* * * LOW HITPOINT WARNING * * *
The goblin hits you but does no damage. Ijyb hits you but does no damage.
Aiming: Sandblast (safe; 3% risk of failure)
Press: ? - help, Q - select action Shift-Dir - straight line, f/p - Ijyb
Aim: Ijyb, wielding a +0 dagger and wearing a +0 ring mail (severely wounded, 80% to hit)
The blast of sand hits Ijyb but does no damage.
Ijyb is severely wounded.
The goblin closely misses you. The goblin hits you with a +0 club.
* * * LOW HITPOINT WARNING * * *
Ijyb screams, "Die!"
Ijyb hits you but does no damage.
The goblin shoots a sling bullet.
The sling bullet hits you.
* * * LOW HITPOINT WARNING * * *
The goblin hits you with a +0 club.
You die...

..# #.# # #.# #.#### #.#
......##.#
......g#.##########
..<................
#.##...#g#.#######.
#.....g@g#g#
#.########g# ##+## #.#
##...## #.# # ##.....##
#.# .# ##.....).##
#.#######.#
#.........####.........#
+........['...........
#.........####...##.##


You could see Ijyb and 3 goblins.

Vanquished Creatures
  2 ball pythons
  2 bats
  An endoplasm (D:1)
  A giant cockroach (D:1)
  5 goblins
  2 hobgoblins (D:1)
  4 kobolds (D:1)
  A quokka (D:1)
  2 frilled lizards
20 creatures vanquished.

Notes
Turn   | Place    | Note
-------+----------+-------------------------------------------
     0 | D:1      | quixfox the Gargoyle Earth Elementalist began the quest for
                  | the Orb.
     0 | D:1      | Reached XP level 1. HP: 10/10 MP: 3/3
    93 | D:1      | Reached skill level 4 in Earth Magic
    93 | D:1      | Reached XP level 2. HP: 15/15 MP: 0/5
   659 | D:2      | Noticed Ijyb
   662 | D:2      | Reached XP level 3. HP: 19/19 MP: 2/6
   705 | D:2      | Slain by a goblin

Illustrated notes

Levels and vault maps discovered:
D:1:      dpeg_arrival_tiny_a, layout_rooms
D:2:      kennysheep_the_goblin_king, layout_loops_corners,
          dreamdust_ecumenical_altar_hidden_monk_grotto, uniq_terence

Skill      XL: |  1 |
---------------+----+-----
Earth Magic    | 4 |  4.3
Dodging        | |  1.5
Stealth        | |  2.1
Spellcasting   | |  2.6
Transmutations | |  0.7

Action                   || total
-------------------------++-------
Melee: Unarmed           ||    11
 Cast: Sandblast         ||    30
  Use: Potion            ||     2
Armor: Robe              ||    14
Dodge: Dodged            ||    48

Table legend: (Time is in decaauts)
 A = Elapsed time spent in this place.
 B = Non-inter-level travel time spent in this place.
 C = Inter-level travel time spent in this place.
 D = Time resting spent in this place.
 E = Time spent auto-exploring this place.
 F = Levels seen in this place.
 G = Mean time per level.
                   A        B        C        D        E       F      G
               +--------+--------+--------+--------+--------+-----+--------+
         Total |    733 |    702 |     31 |      0 |    534 |   2 |  366.5 |
       Dungeon |    733 |    702 |     31 |      0 |    534 |   2 |  366.5 |
               +--------+--------+--------+--------+--------+-----+--------+

Top non-repeatable levels by time:
     D:1: 501 daAuts
     D:2: 231 daAuts
